Map: Protocole central

Players

Worming - Winner!

  • Race: Zerg Zerg
  • League: Platinum

sOurCe

  • Race: Terran Terran
  • League: Platinum

VOD

Have the link to the VOD?

Description

Time

  • Played on: Nov. 11, 2015, 2:52 p.m.
  • Length: 10:48
Show
View Real Time Build Order
Export as new Build Order

Worming Zerg - Winner!

Build Orders: Hatch First, Lurkers 

Get SALT Encoding   

  12  0:01  Drone  
  13  0:12  Overlord  
  13  0:23  Drone  
  14  0:30  Drone x2  
  14  0:35  Drone  
  17  0:55  Hatchery  
  16  0:59  Drone  
  16  1:03  Drone  
  18  1:15  Spawning Pool  
  18  1:17  Drone  
  18  1:21  Drone  
  19  1:31  Drone  
  20  1:45  Hatchery  
  19  1:51  Drone  
  19  1:52  Overlord  
  20  2:01  Queen  
  20  2:07  Zergling x2  
  23  2:09  Zergling x2  
  24  2:18  Queen  
  24  2:20  Drone  
  27  2:23  Zergling x2  
  27  2:26  Drone  
  29  2:30  Drone  
  29  2:51  Drone x4  
  29  2:54  Extractor  
  32  3:04  Drone x3  
  35  3:07  Queen  
  35  3:08  Queen  
  35  3:10  Drone  
  35  3:11  Overlord  
  40  3:20  Drone  
  40  3:22  Overlord  
  40  3:23  Drone  
  42  3:29  Roach Warren  
  42  3:30  Overlord  
  42  3:31  Drone  
  42  3:48  Extractor  
  42  3:55  Drone x9  
  50  4:03  Metabolic Boost  
  50  4:18  Drone x4  
  50  4:19  Drone  
  50  4:21  Overlord  
  53  4:24  Roach x3  
  53  4:29  Extractor  
  53  4:30  Drone x3  
  60  4:44  Roach x3  
  66  4:56  Zergling x6  
  69  5:00  Spine Crawler  
  69  5:02  Drone x2  
  69  5:06  Lair  
  70  5:10  Overlord  
  70  5:23  Extractor  
  70  5:24  Drone x3, Extractor  
  70  5:25  Drone x2  
  70  5:26  Overlord x3  
  73  5:45  Drone  
  73  5:46  Drone x2  
  73  5:59  Zergling x2  
  74  6:07  Drone x5, Hydralisk Den  
  74  6:09  Evolution Chamber x2  
  74  6:10  Queen  
  78  6:15  Hatchery  
  77  6:23  Ravager  
  77  6:25  Glial Reconstitution  
  78  6:26  Overlord x2  
  78  6:39  Spore Crawler  
  77  6:46  Lurker Den, Zerg Missile Weapons Level 1, Zerg Ground Armor Level 1  
  77  6:53  Extractor  
  76  7:02  Hydralisk  
  76  7:03  Zergling x2, Hydralisk x3  
  76  7:04  Zergling x10  
  76  7:07  Drone x3  
  93  7:12  Drone x3  
  93  7:13  Roach  
  93  7:14  Roach x7  
  112  7:21  Hatchery  
  111  7:25  Hydralisk  
  111  7:26  Hydralisk x6  
  111  7:28  Overseer  
  111  7:29  Pneumatized Carapace  
  125  7:30  Overlord  
  110  8:08  Hydralisk x2  
  110  8:09  Infestation Pit, Hydralisk x2  
  110  8:10  Overlord x2  
  110  8:11  Zergling x6  
  110  8:12  Zergling x4  
  122  8:14  Lurker x2  
  122  8:15  Lurker x2  
  122  8:16  Lurker  
  122  8:17  Zergling x2  
  122  8:18  Zergling x10  
  133  8:22  Overlord x2  
  133  8:27  Muscular Augments  
  133  8:28  Zergling x2  
  133  9:04  Hive  
  133  9:08  Overlord x2  
  133  9:09  Overlord  
  135  9:17  Roach x4  
  135  9:18  Roach x5  
  124  9:50  Roach x5, Hydralisk x6  
  124  9:51  Zergling x16  
  124  9:52  Zergling x28  
  166  10:10  Overlord  
  161  10:26  Zergling x2  
  161  10:27  Zergling x22  
Show
View Real Time Build Order
Export as new Build Order

sOurCe Terran 

Build Orders: Reaper Expand, MMM Bio 

Get SALT Encoding   

  12  0:00  SCV  
  13  0:13  SCV  
  14  0:20  Supply Depot  
  14  0:31  SCV  
  15  0:43  SCV  
  15  0:47  Barracks  
  15  0:48  Refinery  
  16  0:55  SCV  
  17  1:07  SCV  
  18  1:19  SCV  
  19  1:34  Orbital Command, Reaper  
  20  1:51  Command Center  
  20  2:02  SCV  
  21  2:14  SCV  
  22  2:18  Supply Depot  
  22  2:33  Command Center, SCV  
  23  2:48  SCV  
  23  2:49  Barracks Reactor  
  24  2:54  Factory  
  24  3:01  SCV  
  25  3:06  Orbital Command  
  25  3:13  SCV  
  26  3:25  SCV  
  27  3:33  Refinery  
  27  3:34  Barracks Tech Lab  
  27  3:36  Engineering Bay  
  27  3:37  Engineering Bay  
  27  3:38  SCV x2  
  29  3:45  Orbital Command  
  31  3:48  Hellion  
  31  3:49  Hellion  
  33  3:56  Supply Depot  
  33  3:58  SCV  
  33  3:59  SCV  
  35  4:03  Stimpack  
  37  4:10  Hellion x2, Terran Infantry Weapons Level 1  
  37  4:13  SCV  
  37  4:15  SCV  
  37  4:16  SCV  
  42  4:20  Terran Infantry Armor Level 1  
  42  4:34  Supply Depot  
  42  4:35  Supply Depot, SCV x3  
  42  4:37  Marauder  
  47  4:43  Barracks  
  47  4:44  Factory Reactor  
  47  4:51  SCV x2  
  47  4:52  SCV  
  50  4:53  Barracks  
  50  4:55  Refinery  
  50  4:56  Refinery  
  50  4:58  Marine  
  50  4:59  Supply Depot  
  51  5:06  SCV x2  
  54  5:16  Marauder  
  54  5:20  Armory  
  56  5:22  SCV x2  
  57  5:31  Barracks, SCV  
  57  5:32  Barracks  
  58  5:37  Marine, SCV x2  
  58  5:41  Factory Reactor  
  61  5:49  Starport, Marine x4  
  65  5:51  SCV x3  
  68  6:02  Marine  
  69  6:05  SCV x2  
  69  6:06  Marine x2, SCV  
  69  6:08  Supply Depot  
  69  6:10  Supply Depot  
  74  6:11  Combat Shields  
  73  6:24  SCV x2  
  75  6:28  Marine x2  
  75  6:29  Marine x2, Marauder  
  75  6:30  Widow Mine  
  75  6:31  SCV  
  83  6:36  SCV  
  84  6:43  Barracks Tech Lab x2  
  84  6:50  Marauder  
  86  6:57  Marine x3  
  86  6:58  Marine  
  90  7:08  Medivac x2  
  94  7:09  Terran Infantry Weapons Level 2  
  94  7:10  Terran Infantry Armor Level 2  
  94  7:13  Marauder x3  
  94  7:14  SCV  
  94  7:15  SCV  
  102  7:21  Supply Depot  
  102  7:22  Supply Depot  
  102  7:27  SCV x2  
  102  7:28  Marine  
  102  7:29  Marine x3  
  108  7:32  Factory Tech Lab  
  108  7:39  SCV  
  108  7:42  Factory  
  102  7:52  Orbital Command  
  103  7:58  SCV x2  
  104  8:08  Medivac x2  
  104  8:10  Marine x5  
  104  8:11  Marauder x2  
  117  8:28  Factory Tech Lab  
  117  8:29  Siege Tank  
  117  8:31  Marauder  
  117  8:33  Marauder x2  
  126  8:34  SCV x2  
  127  8:52  Siege Tank  
  121  8:58  SCV  
  121  8:59  SCV  
  121  9:02  Refinery x2, Siege Tank  
  126  9:05  Medivac x2  
  126  9:07  Command Center  
  130  9:15  SCV x2  
  130  9:24  Marine x2  
  130  9:25  Siege Tank, Marauder x2  
  139  9:35  Siege Tank  
  126  9:41  Marauder, Marine x2  
  106  9:46  Marauder  
  106  9:49  Marauder, Marine x2  
  108  9:59  Marine x2  
  109  10:03  Marauder  
  107  10:07  Marauder, Marine x2  
  107  10:11  Marauder  
  96  10:17  Marine x2  
  96  10:18  SCV  
  96  10:19  Orbital Command  
  91  10:24  Marine  
  91  10:25  Marine x2  
Tags
 
Add a new tag
Caveats
  • Supply blocks, unpowered buildings, or Contaminate may cause inaccurate times.
  • Supply counts are checked every 10 seconds.